 Dungeon Crawl Stone Soup version 0.22-a0-456-g11ed031 (webtiles) character file.

44 Gorglomux the Firebug (level 3, 0/28 HPs)
             Began as a Deep Elf Fire Elementalist on June 6, 2018.
             Slain by a scorpion (3 damage)
             ... on level 4 of the Dungeon.
             The game lasted 00:02:04 (514 turns).

Gorglomux the Firebug (Deep Elf Fire Elementalist)   Turns: 514, Time: 00:02:05

Health: 0/28       AC:  2    Str: 10    XL:     3   Next: 41%
Magic:  3/11       EV: 13    Int: 22    God:
Gold:   16         SH:  0    Dex: 15    Spells: 3/9 levels left

rFire    . . .     SeeInvis .   (no weapon)
rCold    . . .     Gourm    .   (no shield)
rNeg     . . .     Faith    .   a - +0 robe
rPois    .         Spirit   .   (helmet restricted)
rElec    .         Reflect  .   (no cloak)
rCorr    .         Harm     .   (no gloves)
MR       .....                  (no boots)
Stlth    ..........             (no amulet)
HPRegen  0.09/turn              (no ring)
MPRegen  0.12/turn              (no ring)

@: berserking (expiring), lethally poisoned (0 -> -11), very quick
A: antennae 1, clever 1, high mp 1
a: no special abilities


You were on level 4 of the Dungeon.
You were not hungry.

You visited 1 branch of the dungeon, and saw 4 of its levels.

You collected 16 gold pieces.

Inventory:

Armour
 a - a +0 robe (worn)
 f - a +0 helmet
Scrolls
 g - a scroll of identify {unknown}
Comestibles
 b - 3 chunks of flesh
 c - 2 rations


   Skills:
 - Level 2.4 Dodging
 - Level 2.4 Stealth
 + Level 3.9 Spellcasting
 + Level 2.2 Conjurations
 + Level 3.9 Fire Magic


You had 3 spell levels left.
You knew the following spells:

 Your Spells              Type           Power        Failure   Level  Hunger
a - Flame Tongue          Conj/Fire      ###..        3%          1    None
b - Throw Flame           Conj/Fire      ###...       4%          2    #......
j - Conjure Flame         Conj/Fire      ###.....     10%         3    ###....

Your spell library contained the following spells:

 Spells                   Type           Power        Failure   Level  Hunger
 Fireball                 Conj/Fire      ###.......   65%         5    ######.
 Sticky Flame             Conj/Fire      ###.....     30%         4    ####...
 Inner Flame              Hex/Fire       ##......     16%         3    ###....


Dungeon Overview and Level Annotations

Branches:
Dungeon (4/15)
 Temple: D:4-7

Altars:


Innate Abilities, Weirdness & Mutations

You have a pair of small antennae on your head.
Your mind is acute. (Int +2)
You have an increased reservoir of magic. (+10% MP)


Message History

The scorpion is almost dead!
You pound the scorpion into fine dust!
The scorpion is almost dead!
The butt barely misses you!
You pummel the scorpion like a punching bag!
The scorpion is almost dead!
The scorpion closely misses you!
You butt-ly miss the butt!
The scorpion is almost dead!
You feel sick!
You barely miss the scorpion!
The scorpion is almost dead!
The scorpion stings you! * * * don't die
* * * You are more poisoned!
The scorpion poisons you!!!
You barely miss the scorpion!
The scorpion is almost dead!
The scorpion stings you! rip

#...# ###########...#
#........ ....#
#.#########...# ###
#.............###..
#..#######......#.#######
#..#...# #......#........
#..#.#.###......#....#.#.
#..#<#..@s.....<#........
#..#########.#.##....#.#.
#..........#...†.........
##.........#..#.#....#.#.
###########.............
#....#.#....#.#.
#$##............ #..
####......... (..
#.#.......


You could see a scorpion.

Vanquished Creatures
  2 adders
  A worm (D:2)
  A dart slug (D:2)
  A giant cockroach (D:2)
  2 hobgoblins (D:2)
  8 jackals
  A ball python (D:1)
  A frilled lizard (D:2)
  3 kobolds
20 creatures vanquished.

Notes
Turn   | Place    | Note
-------+----------+-------------------------------------------
     0 | D:1      | Gorglomux the Deep Elf Fire Elementalist began the quest for the Orb.
     0 | D:1      | Reached XP level 1. HP: 10/10 MP: 6/6
   162 | D:2      | Reached XP level 2. HP: 2/15 MP: 1/8
   220 | D:2      | Learned a level 2 spell: Throw Flame
   322 | D:3      | Reached XP level 3. HP: 8/19 MP: 2/10
   392 | D:3      | Learned a level 3 spell: Conjure Flame
   483 | D:4      | Noticed a scorpion
   504 | D:4      | Gained mutation: You have a pair of small antennae on your head. [potion of mutation]
   504 | D:4      | Gained mutation: You have an increased reservoir of magic. (+10% MP) [potion of mutation]
   504 | D:4      | Gained mutation: Your mind is acute. (Int +2) [potion of mutation]
   514 | D:4      | Slain by a scorpion

Vault maps used:
D:1:      tarquinn_simple_flora_water_f
D:2:      minivault_23
D:3:      old_standard_altar
D:4:      serial_glass, glass_columns_b, glass_columns_c, glass_columns_a,
          glass_columns_a, glass_columns_b, glass_columns_a, glass_columns_a,
          glass_columns_b, due_unseen_surprise,
          nicolae_ru_great_annihilating_truth

Skill      XL: |  1  2 |
---------------+-------+-----
Conjurations   | 2 |  2.2
Dodging        | |  2.4
Stealth        | |  2.4
Spellcasting   | |  3.9
Fire Magic     | |  3.9

Action                   || total
-------------------------++-------
Melee: Unarmed           ||     8
 Cast: Flame Tongue      ||    49
  Use: Potion            ||     2
Armor: Robe              ||     2
Dodge: Dodged            ||    37

Table legend:
 A = Spawn XP
 B = Non-spawn XP
 C = Spawn XP percentage of total XP
 D = Spawn monster count
 E = Non-spawn monster count
 F = Spawn count percentage of total count
 G = Total turns spent on level
                    A         B        C        D         E        F      G
               +---------+---------+-------+---------+---------+-------+---------
         Total |       0 |      64 |   0.0 |       0 |      20 |   0.0 |   514
               +---------+---------+-------+---------+---------+-------+---------
           D:1 |       0 |       2 |   0.0 |       0 |       2 |   0.0 |    62
           D:2 |       0 |      33 |   0.0 |       0 |       9 |   0.0 |   227
           D:3 |       0 |       8 |   0.0 |       0 |       4 |   0.0 |   124
           D:4 |       0 |      21 |   0.0 |       0 |       5 |   0.0 |   101
               +---------+---------+-------+---------+---------+-------+---------
